 Dungeon Crawl Stone Soup version 0.28.0-43-g3370ac3207 (webtiles) character file.

Game seed: 7815805458444369073

551 RascalDebosk the Chopper (level 7, -7/91 HPs)
             Began as a Hill Orc Monk on Mar 13, 2022.
             Mangled by a gnoll
             ... wielding a +0 flail
              (9 damage)
             ... on level 5 of the Dungeon.
             The game lasted 00:48:30 (5389 turns).

RascalDebosk the Chopper (Hill Orc Monk)            Turns: 5389, Time: 00:48:34

Health: -7/91      AC:  7    Str: 16    XL:     7   Next: 29%
Magic:  10/10      EV: 11    Int: 10    God:
Gold:   125        SH:  0    Dex: 13    Spells: 6/6 levels left

rFire   + . .      SeeInvis .   b - +2 war axe
rCold   . . .      Faith    .   (no shield)
rNeg    . . .      Spirit   .   h - +2 ring mail {Will+}
rPois   .          Reflect  .   (no helmet)
rElec   .          Harm     .   (no cloak)
rCorr   .          Rampage  .   (no gloves)
Will    +....                   (no boots)
Stlth   ..........              (no amulet)
HPRegen 0.25/turn               j - ring of protection from fire
MPRegen 0.12/turn               (no ring)

@: berserking (expiring), lethally poisoned (-7 -> -9), hasted, very quick
A: no striking features
a: no special abilities


You were on level 5 of the Dungeon.
You visited 1 branch of the dungeon, and saw 5 of its levels.

You collected 125 gold pieces.

Inventory:

Hand Weapons
 b - a +2 war axe (weapon)
 d - a +0 dagger of speed
 s - a +2 dagger of venom
Missiles
 e - 3 boomerangs
 m - 122 stones (quivered)
 q - 3 poisoned darts
Armour
 h - a +2 ring mail of willpower (worn)
 w - a +1 chain mail
Jewellery
 j - a ring of protection from fire (left hand)
Scrolls
 f - a scroll of teleportation
 t - a scroll of fog
Potions
 a - a potion of cancellation
 c - a potion of lignification
 p - 2 potions of haste


   Skills:
 + Level 5.3 Fighting
 + Level 5.9 Axes
 + Level 2.7 Throwing
 + Level 3.4 Armour
 - Level 2.4 Dodging
 - Level 1.5 Stealth
 + Level 4.1 Invocations


You had 6 spell levels left.
You didn't know any spells.
Your spell library contained the following spells:

 Spells                   Type           Power      Damage    Failure   Level
 Summon Small Mammal      Summ           0%         N/A       56%         1
 Call Canine Familiar     Summ           0%         N/A       91%         3
 Confusing Touch          Hex            0%         N/A       91%         3
 Summon Guardian Golem    Hex/Summ       0%         N/A       91%         3
 Yara's Violent Unravell  Hex/Tmut       0%         3d3       100%        5
 Enfeeble                 Hex            0%         N/A       100%        7


Dungeon Overview and Level Annotations

Branches:
Dungeon (5/15)
 Temple: D:4-7

Altars:
Dithmenos


Message History

The gnoll shaman hits you but does no damage.
The adder bites you but does no damage.
The gnoll shaman mumbles some strange prayers to its god.
The gnoll shaman is healed somewhat.
It was a potion of haste.
You feel yourself speed up.
* * * LOW HITPOINT WARNING * * *
You feel sick. The adder closely misses you.
The gnoll shaman closely misses you.
Unknown command.
It was a potion of berserk rage.
A red film seems to cover your vision as you go berserk!
You feel yourself moving faster!
You feel mighty!
You feel sick. The adder bites you but does no damage.
You slash the gnoll shaman!
You kill the gnoll shaman!
You closely miss the adder.
You feel sick. The adder bites you but does no damage. The adder bites you.
* * * LOW HITPOINT WARNING * * *
Items here: )) [ †.
You feel a strong urge to attack something.
* * * LOW HITPOINT WARNING * * *
You feel sick. The gnoll closely misses you. The adder bites you.
* * * LOW HITPOINT WARNING * * *
You slash the gnoll!
The gnoll is severely wounded.
You slash the adder!
You kill the adder!
* * * LOW HITPOINT WARNING * * *
You feel sick.
You barely miss the gnoll.
The gnoll is severely wounded.
The gnoll hits you but does no damage.
You slice the gnoll!!
You kill the gnoll!
You barely miss the gnoll. You slash the gnoll!
You kill the gnoll!
* * * LOW HITPOINT WARNING * * *
You feel sick. The gnoll hits you with a +0 flail!
You die...

..... [... ...# ....
...
.#####.#############
........#..........##
.......<....g.......##
..........<.)@)......#
............).†.)....#
.....................#
..........[..........#
.........)...........#
....................##
..(.....#.........[.#
.........#######...#
.#....##...........#


You could see a gnoll.

Vanquished Creatures
  An ogre (D:4)
  A phantom (D:4)
  A lemure (D:5)
  A jelly (D:2)
  A gnoll shaman (D:5)
  An iguana (D:4)
  A hound skeleton (D:4)
  14 gnolls
  9 adders
  An ufetubus (D:5)
  An adder skeleton (D:2)
  4 dart slugs
  2 orcs (D:4)
  A bat (D:1)
  12 endoplasms
  3 giant cockroaches
  8 goblins
  7 hobgoblins
  4 quokkas
  4 ball pythons
  4 frilled lizards
  13 kobolds
  4 rats
98 creatures vanquished.

Vanquished Creatures (others)
  2 fungi (D:2)
  9 toadstools (D:2)
11 creatures vanquished.

Grand Total: 109 creatures vanquished

Notes
Turn   | Place    | Note
-------+----------+-------------------------------------------
     0 | D:1      | RascalDebosk the Hill Orc Monk began the quest for the Orb.
     0 | D:1      | Reached XP level 1. HP: 19/19 MP: 1/1
   232 | D:1      | Found a faded altar of an unknown god.
   241 | D:1      | Reached XP level 2. HP: 20/27 MP: 2/2
   422 | D:1      | Reached skill level 1 in Invocations
   858 | D:2      | Reached skill level 1 in Armour
   877 | D:2      | Reached XP level 3. HP: 23/33 MP: 2/4
   994 | D:2      | Reached skill level 1 in Throwing
  1174 | D:2      | Reached XP level 4. HP: 26/40 MP: 5/5
  2081 | D:2      | Reached XP level 5. HP: 33/47 MP: 6/6
  2751 | D:3      | Reached skill level 5 in Axes
  3452 | D:4      | You fall into a shaft and drop 1 floor!
  3452 | D:5      | Entered Level 5 of the Dungeon
  3483 | D:4      | Noticed an ogre
  3499 | D:4      | Killed an ogre
  3500 | D:4      | Reached XP level 6. HP: 35/55 MP: 8/8
  3777 | D:4      | Reached skill level 5 in Fighting
  3952 | D:4      | Found a shadowy altar of Dithmenos.
  4270 | D:4      | Reached XP level 7. HP: 50/61 MP: 9/9
  5386 | D:5      | HP: 4/91 [poisoned by a gnoll]
  5389 | D:5      | Mangled by a gnoll

Illustrated notes

Levels and vault maps discovered:
D:1:      amcnicky_arrival_gap_in_the_tavern_cellar, layout_loops_ring,
          basic_ecumenical_altar
D:2:      cheibrodos_fertilizer, layout_loops_cross, serial_park_tiny_2
D:3:      layout_basic
D:4:      layout_loops_ring, marbit_many_paths, kennysheep_generic_room_7
D:5:      layout_rooms, gammafunk_ghost_icy, uniq_eustachio, uniq_duvessa,
          uniq_pikel

Skill      XL: |  1  2  3  4  5  6  7 |
---------------+----------------------+-----
Invocations    | 1 2 3 4 |  4.1
Armour         | 1 2 3 |  3.4
Fighting       | 4 5 |  5.3
Throwing       | 1 2 |  2.7
Axes           | 5 |  5.9
Dodging        | |  2.4
Stealth        | |  1.5

Action                   |  1- 3 |  4- 6 |  7- 9 || total
-------------------------+-------+-------+-------++-------
Melee: Hand axe          |    15 |       |       ||    15
       Dagger            |   136 |   214 |       ||   350
       Punch             |     1 |     5 |       ||     6
       War axe           |       |    47 |    47 ||    94
Throw: Stone             |       |    38 |    13 ||    51
       Dart              |       |     5 |       ||     5
  Use: Scroll            |       |    15 |     4 ||    19
       Potion            |       |     2 |     4 ||     6
Armor: Robe              |     1 |       |       ||     1
       Leather armour    |     1 |       |       ||     1
       Scale mail        |    41 |    49 |       ||    90
       Ring mail         |     3 |       |    25 ||    28
       Chain mail        |       |    52 |     1 ||    53
Dodge: Dodged            |    55 |   106 |    34 ||   195
